 Dungeon Crawl Stone Soup version 0.28-a0-563-gf77a47075d (webtiles) character file.

Game seed: 16954029624671291594

1477 KristoblXynda the Carver (level 8, -1/56 (70) HPs)
             Began as a Purple Draconian Gladiator on Sept 30, 2021.
             Was a Follower of Okawaru.
             Slain by a wight (10 damage)
             ... on level 6 of the Dungeon.
             The game lasted 00:08:26 (7579 turns).

KristoblXynda the Carver (DrGl)                     Turns: 7579, Time: 00:08:27

HP:   -1/56 (70)    AC:  6    Str: 16    XL:     8   Next: 49%
MP:   8/8           EV: 14    Int: 10    God:    Okawaru [*.....]
Gold: 152           SH:  0    Dex: 14    Spells: 4/7 levels left

rFire   + . .      SeeInvis .   a - +1 long sword
rCold   + . .      Faith    +   (no shield)
rNeg    . . .      Spirit   .   (armour unavailable)
rPois   +          Reflect  .   b - +0 hat
rElec   +          Harm     .   j - scarf {repulsion}
rCorr   +          Rampage  .   (no gloves)
Will    +....                   (no boots)
Stlth   ..........              f - amulet of faith
HPRegen 0.18/turn               (no ring)
MPRegen 0.11/turn               (no ring)

@: silenced, resistant, hasted, heavily drained, repel missiles, very quick
A: breathe power, AC +6, unfitting armour, cold-blooded
a: Breathe Dispelling Energy, Renounce Religion


You were on level 6 of the Dungeon.
You worshipped Okawaru.
Okawaru was aware of your devotion.
You visited 2 branches of the dungeon, and saw 7 of its levels.

You collected 152 gold pieces.

Inventory:

Hand Weapons
 a - a +1 long sword (weapon)
Missiles
 c - 3 throwing nets (quivered)
Armour
 b - a +0 hat (worn)
 j - a scarf of repulsion (worn)
 v - a +0 buckler
Jewellery
 f - an amulet of faith (around neck)
Scrolls
 g - 3 scrolls of enchant weapon
 h - 2 scrolls of magic mapping
 k - a scroll of noise {unknown}
 p - a scroll of fog {unknown}
 q - a scroll of torment
 t - a scroll of acquirement
Potions
 d - 2 potions of flight
 i - 2 potions of magic
 l - a potion of lignification {unknown}
 m - a potion of attraction {unknown}
 n - a potion of haste
 o - 2 potions of resistance
 r - a potion of brilliance {unknown}


   Skills:
 + Level 6.1 Fighting
 * Level 8.1 Long Blades
 - Level 2.0 Throwing
 + Level 5.5 Dodging


You had 4 spell levels left.
You knew the following spells:

 Your Spells              Type           Power      Damage    Failure   Level
a - Gell's Gravitas       Tloc           0%         N/A       75%         3

Your spell library contained the following spells:

 Spells                   Type           Power      Damage    Failure   Level
 Ozocubu's Armour         Ice            0%         N/A       75%         3
 Teleport Other           Tloc           0%         N/A       75%         3
 Metabolic Englaciation   Hex/Ice        0%         N/A       100%        5
 Dispersal                Tloc           0%         N/A       100%        6
 Simulacrum               Ice/Necr       Unusable   N/A       N/A         6

Dungeon Overview and Level Annotations

Branches:
Dungeon (6/15)             Temple (1/1) D:5

Altars:
Ashenzari
Cheibriados
Elyvilon
Hepliaklqana
Makhleb
Nemelex Xobeh
Okawaru
Qazlal
Ru
Sif Muna
Trog
Uskayaw
Vehumet
Wu Jian
Yredelemnul
Zin
The Shining One


Innate Abilities, Weirdness & Mutations

You can breathe bolts of dispelling energy.
Your rich purple scales are hard. (AC +6)
You cannot fit into any form of body armour.
You are cold-blooded and may be slowed by cold attacks.


Message History

The wight hits you with a +3 flail.
You feel drained.
You are too injured to fight recklessly!
You are too injured to fight recklessly!
The wight barely misses you.
A wight comes into view. It is wielding a +0 war axe.
The wight barely misses you.
As you read the scroll labelled FUURADI XIOXUMI, it crumbles to dust.
Your body is wracked with pain!
* * * LOW HITPOINT WARNING * * *
It was a scroll of torment.
The wight hits you with a +0 war axe.
* * * LOW HITPOINT WARNING * * *
The wight barely misses you.
Unknown command.
The wight barely misses you.
This is a scroll of acquirement!
Something appears at your feet! The wight misses you.
Unknown command. 2 kobolds come into view.
The wight barely misses you.
The kobold shouts!
A kobold brigand comes into view.
It is wielding a +0 whip and quivering curare-tipped darts.
As you read the scroll labelled TYADGH CALUSAO, it crumbles to dust.
A profound silence engulfs you.
It was a scroll of silence.
The wight barely misses you. The wight misses you.
Unknown command.
You feel better. The wight barely misses you.
The wight hits you with a +0 war axe.
* * * LOW HITPOINT WARNING * * *
You feel drained.
* * * LOW HITPOINT WARNING * * *
The kobold hits you but does no damage.
It was a potion of resistance.
You feel protected. The wight misses you. The wight hits you with a +0 war axe.
* * * LOW HITPOINT WARNING * * *
You feel drained. The kobold completely misses you.
Unknown command.
It was a potion of haste.
You feel yourself speed up. The wight hits you with a +2 battleaxe!
You die...

#..<.............#
#................#
#...............#
##..............#
#..............#
##........[...#
####.....zz..#
######zz.## #@###
##K# K# K. #.. ...
..## ...


You could see a kobold brigand, 4 wights and 2 kobolds.

Vanquished Creatures
  A wraith (D:5)
  A water moccasin (D:5)
  An orc warrior (D:6)
  3 black bears
  2 ogres (D:5)
  A kobold brigand (D:4)
  Blork the orc (D:6)
  2 scorpions
  A wight (D:5)
  A jelly (D:4)
  A bullfrog skeleton (D:5)
  A hound (D:5)
  3 iguanas (D:5)
  An orc wizard (D:5)
  A centaur skeleton (D:5)
  4 adders
  A white imp (D:5)
  2 adder skeletons
  2 worms (D:3)
  7 dart slugs
  14 orcs
  6 bats
  4 endoplasms
  5 giant cockroaches
  7 goblins
  12 hobgoblins
  3 jackals (D:3)
  8 quokkas
  5 ball pythons
  7 frilled lizards
  9 kobolds
  4 rats
121 creatures vanquished.

Notes
Turn   | Place    | Note
-------+----------+-------------------------------------------
     0 | D:1      | KristoblXynda the Draconian Gladiator began the quest for
                  | the Orb.
     0 | D:1      | Reached XP level 1. HP: 17/17 MP: 1/1
   290 | D:1      | Reached XP level 2. HP: 25/25 MP: 2/2
   762 | D:1      | Reached XP level 3. HP: 29/30 MP: 3/3
  2036 | D:2      | Reached XP level 4. HP: 33/38 MP: 4/4
  2067 | D:2      | Reached skill level 4 in Long Blades
  2189 | D:3      | Found a snail-covered altar of Cheibriados.
  3125 | D:3      | Found a shimmering blue altar of Sif Muna.
  3152 | D:3      | Found a faded altar of an unknown god.
  3335 | D:4      | Noticed a kobold brigand
  3338 | D:4      | Learned a level 3 spell: Gell's Gravitas
  3351 | D:4      | Killed a kobold brigand
  3352 | D:4      | Reached XP level 5. HP: 25/45 MP: 5/5
  3540 | D:4      | Found a glowing golden altar of the Shining One.
  3557 | D:4      | Reached skill level 5 in Long Blades
  3891 | D:4      | Reached XP level 6. HP: 17/52 MP: 6/6
  4335 | D:4      | Found a stormy altar of Qazlal.
  4717 | D:5      | Entered Level 5 of the Dungeon
  5419 | D:5      | Reached skill level 6 in Long Blades
  5419 | D:5      | Your scales start taking on a rich purple colour.
  5419 | D:5      | Reached XP level 7. HP: 35/60 MP: 7/7
  5942 | D:5      | Found an ornate altar of the Wu Jian Council.
  5961 | D:5      | Reached skill level 5 in Fighting
  6171 | D:5      | Noticed a wraith
  6193 | D:5      | Killed a wraith
  6194 | D:5      | Reached skill level 7 in Long Blades
  6512 | D:5      | Reached skill level 5 in Dodging
  6512 | D:5      | Reached XP level 8. HP: 69/69 MP: 8/8
  6533 | D:5      | Found a staircase to the Ecumenical Temple.
  6651 | Temple   | Entered the Ecumenical Temple
  6731 | Temple   | Became a worshipper of Warmaster Okawaru
  6781 | D:6      | Noticed Blork the orc
  6787 | D:6      | Killed Blork the orc
  7227 | D:5      | Reached * piety under Okawaru
  7228 | D:5      | Reached skill level 8 in Long Blades
  7233 | D:5      | HP: 3/67 [wight (5)]
  7572 | D:6      | Identified 2 scrolls of acquirement
  7572 | D:6      | Acquired a +2 pair of gloves of archery
  7579 | D:6      | Slain by a wight

Illustrated notes

Levels and vault maps discovered:
D:1:      ncdulo_halloftheorcs, layout_basic, minmay_pentomino_o2
D:2:      layout_loops_cross
D:3:      layout_basic, led_sif_pool, mainiacjoe_overflow_alcove_4,
          shapermc_ecumenical_altar_starsandcircs, minmay_fountain_box,
          corexii_item_surrounded_by_moat, kennysheep_potato
D:4:      layout_loops_ring, lemuel_crystal_altar, lemuel_tele_altar
D:5:      layout_gridville, mainiacjoe_overflow_catwalk,
          minmay_temple_entry_fiery
D:6:      layout_cave_pods, serial_column_ruins, column_ruins_corridor_T,
          column_ruins_grid_2, column_ruins_corridor_dead_end,
          column_ruins_columns_straight, nicolae_elemental_shop,
          uniq_blork_the_orc, uniq_menkaure
Temple:   nicolae_temple_x_marks_the_god

Skill      XL: |  1  2  3  4  5  6  7  8 |
---------------+-------------------------+-----
Throwing       | 2 |  2.0
Dodging        | 3 4 5 |  5.5
Fighting       | 3 4 5 6 |  6.1
Long Blades    | 4 5 6 7 8 |  8.1

Action                   |  1- 3 |  4- 6 |  7- 9 || total
-------------------------+-------+-------+-------++-------
Melee: Long sword        |   151 |   192 |   112 ||   455
       Tailslap          |    15 |    24 |    22 ||    61
 Abil: Breathe Dispellin |       |       |     6 ||     6
  Use: Scroll            |       |     3 |     6 ||     9
       Potion            |       |     4 |     3 ||     7
 Stab: Sleeping          |     1 |       |       ||     1
Armor: Skin              |    82 |    68 |    28 ||   178
Dodge: Dodged            |   119 |   152 |   119 ||   390
       Repelled          |     2 |       |     1 ||     3

Table legend: (Time is in decaauts)
 A = Elapsed time spent in this place.
 B = Non-inter-level travel time spent in this place.
 C = Inter-level travel time spent in this place.
 D = Time resting spent in this place.
 E = Time spent auto-exploring this place.
 F = Levels seen in this place.
 G = Mean time per level.
                   A        B        C        D        E       F      G
               +--------+--------+--------+--------+--------+-----+--------+
         Total |   7674 |   7494 |    180 |   2242 |   4067 |   7 | 1096.3 |
       Dungeon |   7590 |   7410 |    180 |   2242 |   4043 |   6 | 1265.0 |
        Temple |     84 |     84 |      0 |      0 |     24 |   1 |   84.0 |
               +--------+--------+--------+--------+--------+-----+--------+

Top non-repeatable levels by time:
     D:5: 2596 daAuts
     D:4: 1407 daAuts
     D:1: 1365 daAuts
     D:3: 1178 daAuts
     D:2: 825 daAuts
     D:6: 217 daAuts
  Temple: 84 daAuts
